 Dungeon Crawl Stone Soup version 0.17-a0-1887-g3e50df6 (webtiles) character file.

786 Stormsson the Skirmisher (level 7, 0/44 HPs)
             Began as a Gargoyle Berserker on Sept 23, 2015.
             Was a Priest of Trog.
             Killed by divine providence
             ... invoked by an orc priest
              (12 damage)
             ... on level 5 of the Dungeon.
             The game lasted 00:11:36 (3949 turns).

Stormsson the Skirmisher (Gargoyle Berserker)       Turns: 3949, Time: 00:11:38

Health: 0/44       AC: 11    Str: 26    XL:     7   Next: 87%
Magic:  7/7        EV: 13    Int:  8    God:    Trog [***...]
Gold:   167        SH:  0    Dex: 10    Spells: 0 memorised, 6 levels left

rFire  . . .     SeeInvis .     a - +0 hand axe
rCold  . . .     Clarity  .     c - +0 leather armour
rNeg   + + .     SustAt   .     (no shield)
rPois  ∞         Gourm    .     (no helmet)
rElec  +         Spirit   .     (no cloak)
rCorr  .         Warding  .     i - +1 pair of gloves
rMut   .         Stasis   .     k - +0 pair of boots
MR     .....                    (no amulet)
Stlth  +.........               (no ring)
                                n - ring of positive energy

@: mighty, exhausted, slowed, very slow, not resistant to hostile enchantments,
very unstealthy
A: negative energy resistance 1, electricity resistance, unbreathing,
petrification resistance, rot immunity, AC +4
a: Burn Spellbooks, Berserk, Trog's Hand, Renounce Religion


You were on level 5 of the Dungeon.
You worshipped Trog.
Trog was most pleased with you.
You were near starving.

You visited 1 branch of the dungeon, and saw 5 of its levels.

You collected 167 gold pieces.

Inventory:

Hand weapons
 a - a +0 hand axe (weapon)
 r - a +1 hand axe of chopping
Armour
 b - a +0 animal skin
 c - a +0 leather armour (worn)
 i - a +1 pair of gloves (worn)
 k - a +0 pair of boots (worn)
Jewellery
 n - a ring of positive energy (left hand)
Magical devices
 d - a wand of flame (36)
Potions
 e - a potion of brilliance
 g - a potion of magic
 h - a potion of cancellation
 p - a potion of curing
Comestibles
 f - a meat ration
 j - 2 fruits
 m - 2 bread rations


   Skills:
 + Level 5.2 Fighting
 + Level 4.7 Axes
 + Level 4.6 Armour
 * Level 4.3 Dodging


You had 6 spell levels left.
You didn't know any spells.

Dungeon Overview and Level Annotations

Branches:
Dungeon (5/15)
 Temple: D:4-7

Altars:
Cheibriados
Gozag
Makhleb
Qazlal
Sif Muna
Vehumet
The Shining One

Annotations:
D:5 Grinder


Innate Abilities, Weirdness & Mutations

You are resistant to torment.
Your stone body is resilient (AC +4).
You are immune to poison.
You resist negative energy.
You are resistant to electric shocks.
You can survive without breathing.
You are immune to petrification.
You are immune to rotting.


Message History

Grinder is heavily wounded.
You barely miss the orc priest.
The orc priest invokes the aid of Beogh against you.
Pain shoots through your body! Grinder gestures at you.
You struggle to resist.
Grinder barely misses you.
The orc priest mumbles some strange prayers to Beogh against you.
Something smites you!
* * * LOW HITPOINT WARNING * * *
You hear a shout!
Use which ability?
Okay, then.
Drink which item? (? for menu, Esc to quit)
You feel very mighty all of a sudden. The orc priest barely misses you.
Grinder gestures at you. You resist with significant effort.
The orc priest invokes the aid of Beogh against you.
Something smites you!
You die...

........# ........#
#......o# . #
#.......# .. #.
#....##.#
...#.##....##.# .#
......#....##.######.#
...........##.#o@5...#
#.........###......###
#..................#
...#.#####.##......#
#. #. #.###.....# # #
#.........#
#.....##### ##.##.#
#.##.#######


You could see Grinder and an orc priest.

Vanquished Creatures
  A phantom (D:4)
  A water moccasin (D:3)
  A giant frog (D:5)
  2 scorpions (D:4)
  A centaur skeleton (D:4)
  3 iron imps (D:3)
  An orc priest (D:4)
  Ijyb (D:2)
  2 hounds (D:4)
  A giant frog skeleton (D:4)
  2 worker ants (D:4)
  5 adders
  An ooze (D:2)
  2 worms
  2 adder skeletons
  2 giant geckos
  9 orcs
  8 bats
  3 giant cockroaches
  3 goblins (D:1)
  5 hobgoblins
  9 jackals
  6 kobolds
  2 quokkas
  A ball python (D:1)
  4 giant newts
  4 rats
82 creatures vanquished.

Notes
Turn   | Place    | Note
--------------------------------------------------------------
     0 | D:1      | Stormsson the Gargoyle Berserker began the quest for the Orb.
     0 | D:1      | Reached XP level 1. HP: 14/14 MP: 1/1
   458 | D:1      | Reached XP level 2. HP: 17/19 MP: 2/2
   908 | D:1      | Reached XP level 3. HP: 12/23 MP: 3/3
  1070 | D:2      | Noticed Ijyb
  1080 | D:2      | Killed Ijyb
  1090 | D:2      | Reached XP level 4. HP: 25/29 MP: 4/4
  1193 | D:2      | Acquired Trog's second power
  1199 | D:2      | Found an opulent altar of Gozag.
  1776 | D:3      | Found a burning altar of Makhleb.
  1796 | D:3      | Reached skill level 4 in Fighting
  1796 | D:3      | Reached XP level 5. HP: 28/33 MP: 5/5
  1914 | D:3      | Found a radiant altar of Vehumet.
  1922 | D:3      | Found a deep blue altar of Sif Muna.
  1923 | D:3      | Noticed a water moccasin
  1943 | D:3      | Killed a water moccasin
  1943 | D:3      | Reached XP level 6. HP: 4/39 MP: 6/6
  2170 | D:3      | Found a snail-covered altar of Cheibriados.
  2173 | D:3      | Found a stormy altar of Qazlal.
  2176 | D:3      | Found a glowing golden altar of the Shining One.
  2734 | D:4      | Reached XP level 7. HP: 21/44 MP: 7/7
  3566 | D:4      | Reached skill level 5 in Fighting
  3853 | D:5      | Entered Level 5 of the Dungeon
  3921 | D:5      | Noticed Grinder
  3949 | D:5      | Killed from afar by an orc priest

Vault maps used:
D:1:      lemuel_arrival_rhombus
D:2:      lemuel_coloured_pillars_altar, uniq_iyjb
D:3:      vehumet_crystals, demons_altar, grunt_temple_overflow_open,
          minmay_item_behind_shaft
D:4:      first_bread, hangedman_decor_points, roderic_roman_lattice
D:5:      uniq_eustachio, uniq_grinder

Action                   |  1- 3 |  4- 6 |  7- 9 || total
-------------------------+-------+-------+-------++-------
Melee: Hand axe          |   108 |   210 |   143 ||   461
Invok: Berserk           |     2 |     2 |     1 ||     5
  Use: Scroll            |     5 |     4 |     1 ||    10
       Potion            |     5 |     5 |     1 ||    11
  Eat: Bread ration      |     1 |       |       ||     1
       Chunk             |       |     4 |     5 ||     9
       Fruit             |       |     1 |       ||     1
